 Dungeon Crawl Stone Soup version 0.27.1-1-g398f81649c (webtiles) character file.

Game seed: 10097686636472507987

0 Descartes the Sneak (level 1, 0/10 HPs)
             Began as a Felid Delver on Sept 12, 2021.
             Succumbed to an adder's poison
             ... on level 5 of the Dungeon.
             The game lasted 00:00:23 (192 turns).

Descartes the Sneak (Felid Delver)                   Turns: 192, Time: 00:00:24

Health: 0/10       AC:  1    Str:  8    XL:     1   Next: 0%
Magic:  2/2        EV: 17    Int: 11    God:
Gold:   0          SH:  0    Dex: 17    Spells: 0/0 levels left
                                        Lives:  0   Deaths: 0

rFire    . . .     SeeInvis +     - Unarmed
rCold    . . .     Faith    .   (shield unavailable)
rNeg     . . .     Spirit   .   (armour unavailable)
rPois    .         Reflect  .   (helmet unavailable)
rElec    .         Harm     .   (cloak unavailable)
rCorr    .         Rampage  .   (gloves unavailable)
Will     .....                  (boots unavailable)
Stlth    +++.......             (no amulet)
HPRegen  0.03/turn              (no ring)
MPRegen  0.08/turn              (no ring)

@: lethally poisoned (0 -> -8), quick
A: very small, claws 1, fangs 3, see invisible, speed 1, shaggy fur 1, stealthy
paws, no weapons or thrown items, no armour, multi-lived
a: no special abilities


You were on level 5 of the Dungeon.
You visited 1 branch of the dungeon, and saw 1 of its levels.

Inventory:

Wands
 e - a wand of digging (3)
Scrolls
 a - a scroll of fog
 b - a scroll of magic mapping
 c - a scroll of fear
Potions
 d - a potion of haste
 f - a potion of magic {unknown}


   Skills:
 - Level 3.0 Fighting
 - Level 2.6 Dodging
 + Level 6.6 Stealth
 - Level 2.0 Unarmed Combat


You couldn't memorise any spells.
You didn't know any spells.
Your spell library was empty.

Dungeon Overview and Level Annotations

Branches:
Dungeon (5/15)
 Temple: D:4-7

Altars:

Annotations:
D:5 2 runed translucent doors, Elvor's ghost, weakling GrDe


Innate Abilities, Weirdness & Mutations

You have sharp claws.
You have razor-sharp teeth.
You have supernaturally acute eyesight. (SInv)
You cover ground quickly. (Speed+)
You are covered in fur. (AC +1)
Your paws help you pounce on unaware monsters.
You are incapable of wielding weapons or throwing items.
You cannot wear armour.
You gain extra lives every three experience levels.


Message History

The adder completely misses you.
An adder comes into view.
You scratch the adder. You bite the adder.
The adder is moderately wounded.
The adder closely misses you.
You closely miss the adder.
The adder is moderately wounded.
The adder misses you.
You scratch the adder.
The adder is severely wounded.
The adder bites you.
You barely miss the adder.
The adder is severely wounded.
The adder bites you but does no damage.
You scratch the adder.
The adder is almost dead.
The adder bites you.
You are poisoned.
The adder poisons you!
You scratch the adder but do no damage.
The adder is almost dead.
You feel sick. The adder barely misses you. The adder completely misses you.
You barely miss the adder.
The adder is almost dead.
You feel sick. The adder misses you.
You miss the adder.
The adder is almost dead.
You feel sick. The adder barely misses you.
You barely miss the adder.
The adder is almost dead.
You feel sick.
You are no longer poisoned.
The adder completely misses you. The adder bites you.
* * * LOW HITPOINT WARNING * * *
You are lethally poisoned!
The adder poisons you!
The adder hisses angrily.
You scratch the adder.
You kill the adder!
You die...

#.#)g#...# # #.#..###.#
#.#..# #.# #.#..# #.#
#.#.g###.#. #..........
#........## ###
##########.###########≈#
.......@†gg....... #.#..
##########...S.### #.≈≈
.......'.....# ##.≈#
..######.....# #....
............# ####+
......S.###.# #....
........###.# #....
........+...#####....
........###.....##.##


You could see 2 gnolls and an adder.

Vanquished Creatures
  An adder (D:5)
1 creature vanquished.

Notes
Turn   | Place    | Note
-------+----------+-------------------------------------------
     0 | D:5      | Descartes the Felid Delver began the quest for the Orb.
     0 | D:5      | Reached XP level 1. HP: 10/10 MP: 2/2
   108 | D:5      | Found a large runed translucent door.
   108 | D:5      | Found a large runed translucent door.
   114 | D:5      | Noticed Elvor's ghost (weakling GrDe)
   192 | D:5      | Succumbed to an adder's poison

Illustrated notes

Levels and vault maps discovered:
D:5:      lemuel_ratsnest, layout_basic, ebering_ghost_disaster_area,
          corexii_leaking_fountain

Action                   || total
-------------------------++-------
Melee: Unarmed           ||    11
       Bite              ||     1
Armor: Skin              ||     1
Dodge: Dodged            ||     9
